 Dungeon Crawl Stone Soup version 0.26-a0-660-gc07710193c (webtiles) character file.

Game seed: 6381000143103723403

81 marklar909 the Digger (level 4, 0/30 HPs)
             Began as a Formicid Earth Elementalist on Oct 6, 2020.
             Succumbed to a gnoll's poison
             ... on level 2 of the Dungeon.
             The game lasted 00:04:02 (3828 turns).

marklar909 the Digger (Formicid Earth Elementalist) Turns: 3828, Time: 00:04:03

Health: 0/30       AC:  4    Str: 13 (14) XL:     4   Next: 68%
Magic:  8/8        EV: 12    Int: 12 (14) God:
Gold:   157        SH:  0    Dex:  8 (11) Spells: 7/8 levels left

rFire    . . .     SeeInvis +   k - +0 spear
rCold    . . .     Faith    .   (no shield)
rNeg     . . .     Spirit   .   c - +0 robe
rPois    .         Reflect  .   (helmet unavailable)
rElec    .         Harm     .   (no cloak)
rCorr    .         Rampage  .   (no gloves)
MR       .....                  i - +1 pair of boots
Stlth    ++........             (no amulet)
HPRegen  0.10/turn              (no ring)
MPRegen  0.11/turn              (no ring)

@: lethally poisoned (0 -> -25), stab
A: permanent stasis, dig shafts and tunnels, four strong arms, antennae 3
a: Dig, Shaft Self


You were on level 2 of the Dungeon.
You visited 1 branch of the dungeon, and saw 2 of its levels.

You collected 157 gold pieces.

Inventory:

Hand Weapons
 k - a +0 spear (weapon)
Missiles
 m - 16 stones (quivered)
 q - 3 javelins
Armour
 c - a +0 robe (worn)
 i - a +1 pair of boots (worn)
Jewellery
 f - a cursed -4 ring of intelligence {unknown}
 p - an uncursed ring of protection from cold
Scrolls
 a - 5 scrolls of remove curse {unknown}
 b - a scroll of immolation {unknown}
 d - 4 scrolls of identify {unknown}
 l - a scroll of magic mapping {unknown}
 n - a scroll of amnesia {unknown}
 r - 2 scrolls of teleportation {unknown}
Potions
 h - a potion of haste
 j - a potion of brilliance {unknown}
 o - a potion of curing {unknown}


   Skills:
 + Level 0.2 Fighting
 + Level 1.1 Polearms
 + Level 2.2 Dodging
 + Level 3.0 Stealth
 + Level 2.7 Spellcasting
   Level 1.1 Transmutations
 + Level 4.8 Earth Magic


You had 7 spell levels left.
You knew the following spells:

 Your Spells              Type           Power        Failure   Level
a - Sandblast             Erth           ##....       3%          1

Your spell library contained the following spells:

 Spells                   Type           Power        Failure   Level
 Passwall                 Tmut/Erth      #.......     12%         2
 Stone Arrow              Conj/Erth      #.....       28%         3
 Petrify                  Tmut/Erth      #.......     58%         4
 Lee's Rapid Deconstruct  Erth           ##........   67%         5


Dungeon Overview and Level Annotations

Branches:
Dungeon (2/15)

Altars:


Innate Abilities, Weirdness & Mutations

You cannot be hasted, slowed, berserked, paralysed or teleported.
You can dig through walls and to a lower floor.
Your four strong arms can wield two-handed weapons with a shield.
You have a pair of large antennae on your head. (SInv)


Message History

* * * LOW HITPOINT WARNING * * *
You feel sick.
Unknown command.
Okay, then.
* * * LOW HITPOINT WARNING * * *
You feel sick.
It was a potion of degeneration.
There was something very wrong with that liquid.
You feel weakened.
You feel dopey.
You feel clumsy.
* * * LOW HITPOINT WARNING * * *
You feel very sick.
The gnoll hits you from afar with a +0 spear.
* * * LOW HITPOINT WARNING * * *
Attack whom?
Press: ? - help, Dir - move target cursor, f - gnoll, p - gnoll
Aim: a gnoll, wielding a +0 spear
Okay, then.
It was a potion of stabbing.
You feel ready to backstab.
You die...

#.# #....# #.#[..####
#.# #....###.#.......
#.# #................
#.# #.........###....
#.# ##.........##.....
#.# #..........##.....
#.# #..........##.....
#.####.................
#.....@........#.......
#####.########.#.......
#g#....###'#......#
###g({...#..........#
#.'......g..........#
###......#..........#
###....#..........#
#.....#..........#
#.....#..........#


You could see 2 gnolls.

Vanquished Creatures
  An adder (D:2)
  An ooze (D:2)
  2 worms (D:2)
  2 dart slugs (D:1)
  2 leopard geckos
  A ball python (D:1)
  6 bats
  2 giant cockroaches (D:2)
  11 goblins
  7 hobgoblins
  5 jackals (D:2)
  A quokka (D:2)
  4 kobolds (D:1)
  6 rats
51 creatures vanquished.

Notes
Turn   | Place    | Note
-------+----------+-------------------------------------------
     0 | D:1      | marklar909 the Formicid Earth Elementalist began the quest
                  | for the Orb.
     0 | D:1      | Reached XP level 1. HP: 13/13 MP: 3/3
   162 | D:1      | Reached skill level 4 in Earth Magic
   377 | D:1      | Reached XP level 2. HP: 19/19 MP: 0/5
   725 | D:1      | Reached XP level 3. HP: 24/24 MP: 4/6
  1740 | D:2      | HP: 1/24 [worm (12)]
  2347 | D:2      | Reached XP level 4. HP: 26/30 MP: 4/7
  2926 | D:2      | Reached skill level 1 in Polearms
  3828 | D:2      | Succumbed to a gnoll's poison

Illustrated notes

Levels and vault maps discovered:
D:1:      psy_arrival_spokes, layout_loops_ring
D:2:      wad_pebble_path, layout_basic

Skill      XL: |  1  2  3  4 |
---------------+-------------+-----
Earth Magic    | 4 |  4.8
Dodging        | 2 |  2.2
Stealth        | 3 |  3.0
Polearms       | 1 |  1.1
Fighting       | |  0.2
Spellcasting   | |  2.7
Transmutations | |  1.1

Action                   |  1- 3 |  4- 6 || total
-------------------------+-------+-------++-------
Melee: Unarmed           |    20 |       ||    20
       Spear             |    65 |    91 ||   156
 Cast: Sandblast         |    36 |     9 ||    45
  Use: Potion            |       |     2 ||     2
 Stab: Sleeping          |       |     2 ||     2
       Distracted        |       |     1 ||     1
Armor: Robe              |    32 |    24 ||    56
Dodge: Dodged            |    66 |    75 ||   141

Table legend: (Time is in decaauts)
 A = Elapsed time spent in this place.
 B = Non-inter-level travel time spent in this place.
 C = Inter-level travel time spent in this place.
 D = Time resting spent in this place.
 E = Time spent auto-exploring this place.
 F = Levels seen in this place.
 G = Mean time per level.
                   A        B        C        D        E       F      G
               +--------+--------+--------+--------+--------+-----+--------+
         Total |   3841 |   3717 |    124 |   1102 |   1979 |   2 | 1920.5 |
       Dungeon |   3841 |   3717 |    124 |   1102 |   1979 |   2 | 1920.5 |
               +--------+--------+--------+--------+--------+-----+--------+

Top non-repeatable levels by time:
     D:1: 2109 daAuts
     D:2: 1732 daAuts
